 Dungeon Crawl Stone Soup version 0.31-a0-1522-g43313d8a59 (webtiles) character file.

Game seed: 14529961290995190748

46 voltaire321 the Trooper (level 3, 0/37 HPs)
             Began as an Oni Gladiator on Dec 31, 2023.
             Was an Initiate of Makhleb.
             Slain by a cerulean imp
             ... wielding a +1 spear
             ... summoned by Natasha
              (2 damage)
             ... on level 2 of the Dungeon.
             The game lasted 00:03:33 (935 turns).

voltaire321 the Trooper (Oni Gladiator)              Turns: 935, Time: 00:03:33

Health: 0/37       AC:  3    Str: 18    XL:     3   Next: 66%
Magic:  3/3        EV: 10    Int:  9    God:    Makhleb [......]
Gold:   104        SH:  0    Dex: 12    Spells: 2/2 levels left

rFire   . . .        a - +0 war axe
rCold   . . .        (no shield)
rNeg    . . .        b - +0 robe
rPois   .            c - +0 hat
rElec   .            (no cloak)
rCorr   .            (gloves unavailable)
SInv    .            (boots unavailable)
Will    .....        (no amulet)
Stlth   +            (no ring)
HPRegen 0.26/turn    (no ring)
MPRegen 0.08/turn

%: no passive effects
@: slowed, very slow
A: large, unfitting armour, horns 1, tough skin 1, double potion healing,
drunken brawling
a: Renounce Religion


You were on level 2 of the Dungeon.
You worshipped Makhleb.
Makhleb was noncommittal.
You visited 1 branch of the dungeon, and saw 2 of its levels.

You collected 104 gold pieces.

Inventory:

Hand Weapons
 a - a +0 war axe (weapon)
Missiles
 d - 3 throwing nets
 e - 4 large rocks (quivered)
Armour
 b - a +0 robe (worn)
 c - a +0 hat (worn)
Scrolls
 f - a scroll of revelation {unknown}
 h - 3 scrolls of amnesia {unknown}
 j - a scroll of fear {unknown}
 k - a scroll of teleportation {unknown}
Potions
 g - a potion of heal wounds
 i - a potion of might {unknown}
 l - a potion of curing {unknown}


   Skills:
 + Level 3.3 Fighting
 + Level 3.3 Axes
 + Level 2.4 Throwing
 + Level 0.7 Armour
 + Level 3.0 Dodging
 + Level 0.4 Invocations


You had 2 spell levels left.
You didn't know any spells.
Your spell library contained the following spells:

 Spells                   Type           Power      Damage    Failure   Level
 Gell's Gravitas          Tloc           0%         N/A       77%         3
 Teleport Other           Tloc           0%         N/A       77%         3
 Dispersal                Tloc           0%         N/A       100%        6


Dungeon Overview and Level Annotations

Branches:
Dungeon (2/15)

Altars:
Makhleb

Annotations:
D:2 Natasha


Innate Abilities, Weirdness & Mutations

You are too large for most types of armour.
You have a pair of small horns on your head.
You have tough skin. (AC +1)
You gain doubled healing and magic from potions.
Whenever you drink a healing potion, you attack all around you.


Message History

You resist with some effort.
The cerulean imp hits you from afar with a +1 spear.
The cerulean imp hits you with a +2 spear.
You barely miss Natasha. You headbutt Natasha.
Natasha is almost dead.
You barely miss the cerulean imp. The cerulean imp barely misses you.
Natasha casts a spell at you. You resist with some effort.
The cerulean imp hits you with a +2 spear.
Natasha casts a spell at you.
You feel as though you will be slow longer.
The cerulean imp hits you from afar with a +1 spear.
The cerulean imp barely misses you.
You miss Natasha.
Natasha is almost dead.
You hit the cerulean imp but do no damage.
The cerulean imp hits you from afar with a +1 spear.
Natasha claws you.
The cerulean imp hits you with a +2 spear.
The cerulean imp hits you from afar with a +1 spear.
Natasha closely misses you.
The cerulean imp hits you with a +2 spear.
You barely miss Natasha. Your headbutt misses Natasha.
Natasha is almost dead.
You closely miss the cerulean imp. The cerulean imp barely misses you.
Natasha casts a spell at you. The magic dart hits you!
* * * LOW HITPOINT WARNING * * *
The cerulean imp barely misses you.
The cerulean imp hits you from afar with a +1 spear.
* * * LOW HITPOINT WARNING * * *
Natasha howls an incantation.
You feel disoriented. Natasha claws you but does no damage.
You closely miss Natasha.
Natasha is almost dead.
You miss the cerulean imp.
The cerulean imp hits you but does no damage.
The cerulean imp hits you from afar with a +1 spear.
You die...

#......######..#
#.##.#######...#
#.##.# #<#...#.# ####
#.##.###.#.###.# ...#
#.##.......# #.#
...###.....>..#####.#
....................#
...........#####..###
##.........# #@.#
...........#.55h.5#
....#......#.####.#
....###....# .# ....#
###### .. ....# )##
##### .# .#


You could see Natasha and 3 cerulean imps.

Vanquished Creatures
  An adder (D:2)
  2 bats (D:1)
  4 endoplasms
  A giant cockroach (D:2)
  3 goblins
  4 hobgoblins (D:2)
  3 jackals (D:1)
  3 kobolds (D:1)
  A quokka (D:2)
  3 ball pythons (D:1)
  2 frilled lizards
  8 rats
35 creatures vanquished.

Notes
Turn   | Place    | Note
-------+----------+-------------------------------------------
     0 | D:1      | voltaire321 the Oni Gladiator began the quest for the Orb.
     0 | D:1      | Reached XP level 1. HP: 22/22 MP: 1/1
    82 | D:1      | Reached XP level 2. HP: 29/29 MP: 2/2
   441 | D:2      | Reached XP level 3. HP: 37/37 MP: 3/3
   448 | D:2      | Found a burning altar of Makhleb.
   473 | D:2      | Became a worshipper of Makhleb the Destroyer
   476 | D:2      | Found a faded altar of an unknown god.
   927 | D:2      | Noticed Natasha
   934 | D:2      | HP: 1/37 [cerulean imp/+1 spear[Natasha] (4)]
   935 | D:2      | Slain by a cerulean imp

Illustrated notes

Levels and vault maps discovered:
D:1:      psy_arrival_whirlpool, layout_rooms
D:2:      layout_basic, basic_altar, dreamdust_ecumenical_altar_statues,
          uniq_crazy_yiuf_cottage, uniq_natasha

Skill      XL: |  1  2  3 |
---------------+----------+-----
Fighting       | 3 |  3.3
Dodging        | 3 |  3.0
Axes           | |  3.3
Throwing       | |  2.4
Armour         | |  0.7
Invocations    | |  0.4

Action                     || total
---------------------------++-------
  Melee: War axe           ||    76
         Headbutt          ||     9
    Use: Potion            ||     1
 Armour: Robe              ||    62
  Dodge: Dodged            ||    59

Table legend: (Time is in decaauts)
 A = Elapsed time spent in this place.
 B = Non-inter-level travel time spent in this place.
 C = Inter-level travel time spent in this place.
 D = Time resting spent in this place.
 E = Time spent auto-exploring this place.
 F = Levels seen in this place.
 G = Mean time per level.
                   A        B        C        D        E       F      G
               +--------+--------+--------+--------+--------+-----+--------+
         Total |    964 |    964 |      0 |      5 |    678 |   2 |  482.0 |
       Dungeon |    964 |    964 |      0 |      5 |    678 |   2 |  482.0 |
               +--------+--------+--------+--------+--------+-----+--------+

Top non-repeatable levels by time:
     D:2: 519 daAuts
     D:1: 444 daAuts
